 Dungeon Crawl Stone Soup version 0.30.0-18-gc0e69614cb (webtiles) character file.

Game seed: 11531184474949520458

212 jagang the Conjurer (level 6, -8/44 HPs)
             Began as a Human Conjurer on May 25, 2023.
             Mangled by an iguana (11 damage)
             ... on level 5 of the Dungeon.
             The game lasted 00:07:40 (4574 turns).

jagang the Conjurer (Human Conjurer)                Turns: 4574, Time: 00:07:43

Health: -8/44      AC:  5    Str:  7    XL:     6   Next: 13%
Magic:  6/10       EV: 18    Int: 21    God:
Gold:   230        SH:  0    Dex: 17    Spells: 8/11 levels left

rFire   . . .        p - +0 short sword
rCold   . . .        (no shield)
rNeg    . . .        a - +0 robe
rPois   .            (no helmet)
rElec   .            g - +2 cloak
rCorr   .            (no gloves)
SInv    .            (no boots)
Will    .....        (no amulet)
Stlth   ++           d - +5 ring of evasion
HPRegen 0.27/turn    s - +6 ring of dexterity
MPRegen 0.12/turn

%: no passive effects
@: weakened
A: no striking features
a: no special abilities


You were on level 5 of the Dungeon.
You visited 1 branch of the dungeon, and saw 5 of its levels.

You collected 230 gold pieces.

Inventory:

Hand Weapons
 p - a +0 short sword (weapon)
Armour
 a - a +0 robe (worn)
 g - a +2 cloak (worn)
Jewellery
 d - a +5 ring of evasion (left hand)
 o - a +6 ring of strength
 s - a +6 ring of dexterity (right hand)
 v - a ring of protection from fire
Scrolls
 e - 2 scrolls of identify {unknown}
 f - a scroll of poison {unknown}
 h - a scroll of enchant weapon {unknown}
 k - 3 scrolls of teleportation {unknown}
 l - 3 scrolls of fog {unknown}
 m - 2 scrolls of silence {unknown}
 q - a scroll of magic mapping {unknown}
 u - a scroll of brand weapon {unknown}
 w - a scroll of blinking {unknown}
 x - a scroll of immolation {unknown}
Potions
 c - 2 potions of haste {unknown}
 i - 2 potions of attraction {unknown}
 j - a potion of might {unknown}
 n - a potion of degeneration {unknown}
 r - a potion of curing {unknown}
 t - a potion of brilliance {unknown}
 z - 2 potions of resistance {unknown}


   Skills:
 + Level 1.8 Fighting
 + Level 1.5 Armour
 * Level 3.4 Dodging
 - Level 2.0 Stealth
 * Level 3.1 Spellcasting
 * Level 4.8 Conjurations


You had 8 spell levels left.
You knew the following spells:

 Your Spells              Type           Power      Damage    Failure   Level
a - Magic Dart            Conj           92%        1d7       1%          1
b - Searing Ray           Conj           46%        2d6       2%          2

Your spell library contained the following spells:

 Spells                   Type           Power      Damage    Failure   Level
 Dazzling Flash           Conj/Hex       26%        N/A       14%         3
 Fulminant Prism          Conj/Hex       6%         3d7       43%         4
 Iskenderun's Mystic Bla  Conj/Tloc      13%        2d5       43%         4


Dungeon Overview and Level Annotations

Branches:
Dungeon (5/15)             Temple (0/1) D:5

Altars:
Makhleb


Message History

The gnoll bouda calls upon its god to heal the gnoll.
The gnoll's wounds heal themselves!
You are too injured to fight recklessly!
Casting: Searing Ray (safe; 3% risk of failure)
Confirm with . or Enter, or press ? or * to list all spells.
Aiming: Magic Dart (safe; 1% risk of failure)
Press: ? - help, Shift-Dir - straight line, f - gnoll bouda
Aim: a gnoll bouda, wielding a +0 club and wearing a +0 leather armour (moderately wounded, 100% to hit)
The magic dart hits the gnoll bouda.
The gnoll bouda is severely wounded.
The gnoll completely misses you.
The gnoll bouda hits you with a +0 club.
* * * LOW HITPOINT WARNING * * *
The gnoll attacks as you move away! The gnoll misses you.
The gnoll bouda attacks as you move away!
The gnoll bouda hits you with a +0 club.
* * * LOW HITPOINT WARNING * * *
Magic courses through your body.
The gnoll bouda gazes fiercely through you!
You feel as though you will be weak longer.
Casting: Magic Dart (safe; 1% risk of failure)
Confirm with . or Enter, or press ? or * to list all spells.
Aiming: Searing Ray (safe; 3% risk of failure)
Press: ? - help, Shift-Dir - straight line, f/p - gnoll bouda
Aim: a gnoll bouda, wielding a +0 club and wearing a +0 leather armour (severely wounded, 81% to hit)
The searing ray misses the gnoll bouda. (Press . to maintain the ray.)
The gnoll barely misses you. The gnoll bouda misses you.
The searing ray hits the gnoll bouda!
You kill the gnoll bouda!
The gnoll misses you.
You have reached level 6!
The searing ray hits the iguana!
The iguana is heavily wounded.
The searing ray hits the gnoll.
The gnoll is moderately wounded.
The gnoll hits you with a +0 club.
* * * LOW HITPOINT WARNING * * *
The iguana bites you!
You die...

>.. ..# ..#..#
#. .g#.##
.#.#..#..#
#...##.).#
.......).# .
#.###.#
..#####.#glg#
.........@###
..........#
..........#
#######'###
##### #.# ....#
######.# ....###
#......# ......#
#..[...#
#.....###......#


You could see an iguana and 2 gnolls.

Vanquished Creatures
  A gnoll bouda (D:5)
  A hound (D:4)
  3 gnolls (D:5)
  3 adders
  3 worms
  2 dart slugs
  An orc (D:4)
  6 ball pythons
  8 endoplasms
  5 giant cockroaches
  7 goblins
  9 hobgoblins
  6 jackals
  6 quokkas
  2 bats
  A frilled lizard (D:1)
  7 kobolds
  6 rats
77 creatures vanquished.

Notes
Turn   | Place    | Note
-------+----------+-------------------------------------------
     0 | D:1      | jagang the Human Conjurer began the quest for the Orb.
     0 | D:1      | Reached XP level 1. HP: 13/13 MP: 3/3
   612 | D:1      | Reached XP level 2. HP: 20/20 MP: 3/5
   915 | D:1      | You fall into a shaft and drop 1 floor!
  1375 | D:1      | Reached XP level 3. HP: 18/25 MP: 1/6
  1629 | D:2      | Reached skill level 1 in Fighting
  1917 | D:2      | Reached XP level 4. HP: 32/32 MP: 5/7
  2039 | D:2      | Reached skill level 1 in Armour
  2588 | D:3      | Found a burning altar of Makhleb.
  3396 | D:4      | Learned a level 2 spell: Searing Ray
  3520 | D:4      | Reached XP level 5. HP: 37/37 MP: 2/9
  4417 | D:5      | Entered Level 5 of the Dungeon
  4547 | D:5      | Found a staircase to the Ecumenical Temple.
  4574 | D:5      | Reached XP level 6. HP: 4/44 MP: 7/10
  4574 | D:5      | Mangled by an iguana

Illustrated notes

Levels and vault maps discovered:
D:1:      matt_arrival_spirals, layout_basic, chequers_serial_rivers_large_b,
          minmay_hedge_maze
D:2:      minmay_wonky_spiral, layout_rooms, grunt_ministairs_5
D:3:      layout_loops_ring, mainiacjoe_overflow_alcove_4, serial_glass,
          glass_columns_a, glass_columns_a, glass_columns_b, glass_columns_b,
          glass_columns_b, glass_columns_b, item_on_display_a,
          item_on_display_a, nicolae_kite_square_tiling_tiny, grunt_ministairs_6
D:4:      layout_basic
D:5:      layout_basic, nicolae_ru_the_path_less_chosen,
          minmay_temple_entry_mini_moons

Skill      XL: |  1  2  3  4  5 |
---------------+----------------+-----
Fighting       | 1 |  1.8
Armour         | 1 |  1.5
Dodging        | 3 |  3.4
Spellcasting   | 3 |  3.1
Stealth        | |  2.0
Conjurations   | |  4.8

Action                     |  1- 3 |  4- 6 || total
---------------------------+-------+-------++-------
  Melee: Unarmed           |     2 |       ||     2
         Short sword       |       |    28 ||    28
   Cast: Magic Dart        |    62 |    94 ||   156
         Searing Ray       |       |     4 ||     4
    Use: Potion            |       |     1 ||     1
 Armour: Robe              |     1 |     8 ||     9
  Dodge: Dodged            |    10 |    46 ||    56
